Map: Blackburn LE

Players

SKillous

  • Race: Protoss Protoss
  • League: Grandmaster

AGOElazer (Elazer) - Winner!

  • Race: Zerg Zerg
  • League: Grandmaster

Event: DreamHack SC2 Masters 2021 Summer

VOD

Have the link to the VOD?

Description

Time

  • Played on: June 3, 2021, 9:16 a.m.
  • Length: 9:35

All games in this series

Show
View Real Time Build Order
Export as new Build Order

SKillous Protoss 

Build Orders: 1 Gate Expand, Oracle Opening 

Get SALT Encoding   

  12  0:00  Probe  
  13  0:12  Probe  
  14  0:19  Pylon  
  14  0:24  Probe  
  15  0:37  Probe (Chrono Boost)  
  16  0:43  Gateway  
  16  0:47  Probe (Chrono Boost)  
  17  0:50  Assimilator  
  17  0:52  Probe (Chrono Boost)  
  18  1:04  Probe  
  19  1:16  Probe  
  20  1:28  Nexus  
  20  1:39  Cybernetics Core  
  20  1:43  Probe  
  21  1:48  Assimilator  
  21  1:55  Probe  
  21  1:57  Pylon  
  22  2:07  Probe  
  23  2:12  Adept (Chrono Boost)  
  25  2:16  Warp Gate  
  25  2:19  Probe  
  26  2:29  Stargate  
  26  2:33  Probe (Chrono Boost), Stalker (Chrono Boost)  
  29  2:40  Probe (Chrono Boost)  
  31  2:49  Probe x2 (Chrono Boost)  
  32  2:55  Probe  
  32  2:57  Probe, Gateway  
  34  3:08  Probe  
  34  3:10  Oracle (Chrono Boost)  
  35  3:14  Probe  
  35  3:16  Pylon  
  35  3:19  Adept  
  41  3:22  Probe  
  41  3:26  Probe  
  43  3:35  Probe  
  43  3:38  Probe, Oracle (Chrono Boost)  
  48  3:47  Probe  
  49  3:48  Pylon  
  49  3:50  Probe  
  50  4:03  Adept x2  
  50  4:06  Probe x2  
  56  4:18  Probe  
  56  4:22  Pylon  
  57  4:24  Probe  
  57  4:25  Adept x2  
  57  4:30  Probe  
  61  4:36  Probe  
  62  4:44  Probe  
  62  4:45  Nexus  
  60  4:47  Pylon  
  60  4:48  Probe, Assimilator  
  60  4:49  Assimilator  
  60  4:52  Pylon  
  61  5:03  Probe  
  61  5:05  Adept  
  61  5:06  Adept  
  60  5:07  Probe  
  60  5:13  Stargate, Fleet Beacon  
  52  5:15  Probe  
  52  5:20  Probe, Shield Battery  
  54  5:26  Adept x2  
  54  5:27  Probe  
  59  5:32  Probe  
  60  5:37  Pylon  
  60  5:39  Probe  
  61  5:44  Probe, Shield Battery  
  61  5:45  Pylon  
  61  5:46  Adept x2  
  66  5:52  Probe  
  66  5:56  Probe  
  74  6:01  Probe, Carrier (Chrono Boost)  
  74  6:04  Probe  
  76  6:08  Probe  
  76  6:11  Carrier (Chrono Boost)  
  83  6:13  Probe, Assimilator  
  83  6:16  Probe  
  83  6:17  Assimilator  
  85  6:20  Probe  
  85  6:22  Pylon  
  85  6:25  Probe, Stalker  
  89  6:28  Probe  
  89  6:32  Probe  
  91  6:37  Probe  
  92  6:40  Probe  
  92  6:44  Probe, Pylon  
  94  6:49  Probe  
  94  6:51  Protoss Air Weapons Level 1  
  94  6:52  Probe  
  102  6:56  Probe  
  102  6:59  Void Ray x2 (Chrono Boost)  
  103  7:01  Probe, Forge  
  103  7:04  Probe  
  103  7:05  Stargate  
  107  7:10  Probe  
  108  7:16  Flux Vanes  
  108  7:17  Probe  
  108  7:18  Probe  
  110  7:27  Probe, Pylon  
  111  7:31  Adept  
  109  7:38  Probe  
  109  7:39  Void Ray (Chrono Boost)  
  109  7:41  Stalker  
  109  7:42  Void Ray (Chrono Boost)  
  119  7:53  Shield Battery  
  119  7:57  Void Ray (Chrono Boost)  
  120  7:58  Probe  
  120  8:05  Pylon  
  121  8:08  Photon Cannon  
  121  8:09  Probe, Photon Cannon, Shield Battery  
  121  8:12  Photon Cannon x2  
  122  8:13  Photon Cannon, Shield Battery  
  122  8:15  Pylon  
  122  8:16  Photon Cannon  
  122  8:17  Void Ray (Chrono Boost)  
  122  8:20  Pylon  
  122  8:21  Pylon  
  122  8:26  Pylon  
  130  8:31  Void Ray (Chrono Boost)  
  130  8:33  Void Ray (Chrono Boost)  
  134  8:35  Stalker  
  128  8:42  Stalker  
  118  8:54  Void Ray x2 (Chrono Boost)  
  104  9:13  Stalker x2  
  92  9:19  Pylon  
Show
View Real Time Build Order
Export as new Build Order

AGOElazer Zerg - Winner!

Build Orders: Hatch First 

Get SALT Encoding   

  12  0:00  Drone  
  13  0:12  Overlord  
  13  0:16  Drone  
  14  0:30  Drone x2  
  16  0:43  Drone  
  17  0:51  Hatchery  
  17  0:54  Drone  
  17  0:58  Drone  
  18  1:08  Extractor  
  17  1:13  Spawning Pool  
  17  1:15  Drone  
  17  1:19  Drone  
  18  1:27  Drone  
  19  1:38  Drone  
  20  1:50  Overlord  
  20  1:59  Queen  
  22  2:02  Queen  
  22  2:03  Drone, Zergling x2  
  26  2:11  Metabolic Boost, Zergling x2  
  26  2:13  Drone  
  28  2:21  Drone  
  29  2:26  Drone  
  30  2:31  Drone  
  30  2:35  Drone  
  32  2:42  Hatchery  
  31  2:47  Queen  
  31  2:50  Overlord  
  33  2:55  Drone  
  34  2:58  Queen  
  34  3:04  Overlord  
  36  3:09  Drone x2  
  36  3:12  Drone x2  
  40  3:14  Drone  
  40  3:15  Drone  
  40  3:19  Drone  
  44  3:20  Drone  
  44  3:27  Queen  
  44  3:30  Spore Crawler  
  44  3:31  Drone  
  44  3:32  Drone  
  47  3:39  Drone x3  
  50  3:44  Overlord  
  50  3:46  Zergling x4  
  52  3:54  Drone x3  
  55  3:59  Roach Warren  
  55  4:01  Drone  
  55  4:02  Overlord  
  55  4:05  Queen  
  55  4:08  Zergling x4  
  59  4:10  Zergling x2  
  59  4:13  Zergling x2  
  59  4:16  Zergling x6  
  64  4:20  Zergling x2  
  64  4:21  Zergling x2  
  64  4:23  Spore Crawler  
  64  4:24  Zergling x2  
  64  4:27  Overlord  
  64  4:37  Overlord  
  60  4:44  Drone x7  
  63  4:48  Drone x5  
  68  4:56  Drone  
  68  5:01  Drone, Overlord  
  68  5:03  Queen  
  68  5:05  Drone x3, Spore Crawler  
  69  5:09  Drone x2  
  69  5:12  Drone  
  68  5:14  Drone x3  
  68  5:17  Drone  
  68  5:21  Drone x3  
  75  5:23  Drone x2  
  75  5:26  Extractor  
  75  5:27  Drone  
  77  5:30  Lair  
  77  5:36  Drone x5  
  77  5:37  Extractor  
  77  5:39  Extractor  
  77  5:42  Overlord  
  80  5:45  Drone x2  
  80  5:48  Hatchery  
  80  5:49  Drone x4  
  85  5:53  Extractor  
  85  5:54  Drone x3  
  85  5:55  Extractor, Evolution Chamber  
  85  5:59  Overlord  
  85  6:01  Drone  
  86  6:05  Overlord  
  86  6:07  Zergling x6  
  89  6:12  Overlord  
  89  6:13  Zergling x8  
  89  6:15  Overlord  
  93  6:20  Baneling Nest  
  93  6:22  Zerg Missile Weapons Level 1, Overlord  
  92  6:26  Drone x5  
  92  6:29  Glial Reconstitution  
  92  6:31  Overseer  
  97  6:33  Spire  
  97  6:34  Spore Crawler  
  97  6:35  Overlord  
  97  6:36  Drone x2  
  97  6:42  Overlord  
  97  6:43  Drone x4  
  101  6:49  Overlord  
  101  6:51  Drone x3  
  104  6:54  Overlord  
  104  6:56  Overlord  
  104  7:01  Extractor  
  103  7:02  Extractor, Drone  
  103  7:03  Drone x5  
  103  7:06  Overlord  
  108  7:23  Hatchery  
  104  7:45  Corruptor x14  
  132  7:54  Drone x5  
  132  7:55  Drone  
  134  8:00  Roach x8  
  150  8:06  Overlord  
  150  8:07  Roach  
  150  8:08  Roach x2  
  150  8:11  Centrifical Hooks  
  150  8:12  Infestation Pit  
  155  8:17  Overlord  
  155  8:18  Roach x3  
  159  8:21  Roach  
  161  8:33  Zergling x14  
  168  8:39  Zergling x10  
  168  8:41  Overlord  
  171  8:43  Zergling x4  
  166  8:49  Extractor  
  166  8:51  Extractor, Baneling x6  
  166  8:54  Drone  
  166  8:55  Drone x2  
  159  8:56  Zergling x22  
  159  9:01  Overlord  
  166  9:03  Drone x3  
  168  9:13  Drone x5  
  169  9:21  Drone x10  
Tags
 
Add a new tag
Caveats
  • Supply blocks, unpowered buildings, or Contaminate may cause inaccurate times.
  • Supply counts are checked every 10 seconds.